 Dungeon Crawl Stone Soup version 0.23-a0-335-gba3dfdf (webtiles) character file.

3441 Gorice the Magician (level 10, -9/74 HPs)
             Began as a Gnoll Wanderer on Oct 17, 2018.
             Was a Follower of Okawaru.
             Mangled by Gastronok (28 damage)
             ... on level 8 of the Dungeon.
             The game lasted 00:31:47 (10533 turns).

Gorice the Magician (Gnoll Wanderer)               Turns: 10533, Time: 00:31:48

Health: -9/74      AC: 15    Str: 19    XL:     10   Next: 5%
Magic:  20/20      EV:  9    Int: 12    God:    Okawaru [*.....]
Gold:   455        SH:  0    Dex: 16    Spells: 23/23 levels left

rFire    . . .     SeeInvis .   a - +1 trident
rCold    + . .     Gourm    .   (no shield)
rNeg     . . .     Faith    .   H - +0 plate armour of the Bull {+Fly Int-2 Dex+2 Stlth+}
rPois    .         Spirit   .   (no helmet)
rElec    .         Reflect  .   A - +2 cloak
rCorr    .         Harm     .   (no gloves)
MR       .....                  (no boots)
Stlth    ..........             (no amulet)
HPRegen  0.22/turn              c - ring of protection from cold
MPRegen  0.17/turn              (no ring)

@: slowed, very slow
A: distributed training, fangs 1, strong nose
a: Heroism, Renounce Religion, Evoke Flight


You were on level 8 of the Dungeon.
You worshipped Okawaru.
Okawaru was aware of your devotion.
You were not hungry.

You visited 2 branches of the dungeon, and saw 9 of its levels.
You also visited: Sewer.

You collected 455 gold pieces.

Inventory:

Hand Weapons
 a - a +1 trident (weapon)
 p - a +0 short sword
 r - a +0 broad axe
 x - a +1 falchion of holy wrath
   (You took it off an orc on level 3 of the Dungeon)
 y - a +0 spear
 B - a +0 blowgun
 D - a +0 halberd
 E - a +0 whip of draining
   (You took it off a gnoll on level 6 of the Dungeon)
 G - a +2 whip of flaming
   (You took it off Pikel on level 6 of the Dungeon)
 K - a +0 great sword
 M - a +0 scimitar
Missiles
 b - 44 poisoned needles
 e - 9 tomahawks
 h - 5 javelins (quivered)
 j - 68 sling bullets
 l - 301 arrows
 n - 73 bolts
 u - 2 needles of sleeping
 Y - 211 stones
 Z - a throwing net {!f}
Armour
 t - a +0 chain mail
 A - a +2 cloak (worn)
 H - the +0 plate armour of the Bull (worn) {+Fly Int-2 Dex+2 Stlth+}
   (You found it on level 6 of the Dungeon)

   It affects your intelligence (-2).
   It affects your dexterity (+2).
   It lets you fly.
   It makes you more stealthy.
Jewellery
 c - a ring of protection from cold (left hand)
Wands
 F - a wand of flame (26)
 L - a wand of polymorph (17)
Scrolls
 i - a scroll of teleportation {!r}
 k - 4 scrolls of remove curse
 m - 2 scrolls of enchant weapon
 w - a scroll of immolation {!r}
 C - 2 scrolls of identify
Potions
 d - 3 potions of heal wounds {!q}
 g - 3 potions of flight
 o - a potion of resistance {!q}
 q - a potion of might {!q}
 s - a potion of ambrosia
 v - a potion of brilliance {!q}
 z - a potion of curing
Comestibles
 f - 15 rations
 I - 4 chunks of flesh


   Skills:
 + Level 5.5 Fighting
 + Level 4.8 Short Blades
 + Level 4.8 Long Blades
 + Level 4.8 Axes
 + Level 4.8 Maces & Flails
 + Level 6.7 Polearms
 + Level 4.8 Staves
 + Level 4.8 Slings
 + Level 4.8 Bows
 + Level 4.8 Crossbows
 + Level 5.5 Throwing
 + Level 4.8 Armour
 + Level 6.7 Dodging
 + Level 4.8 Stealth
 + Level 5.5 Shields
 + Level 4.8 Unarmed Combat
 + Level 7.0 Spellcasting
 + Level 4.5 Conjurations
 + Level 3.9 Hexes
 + Level 3.9 Charms
 + Level 3.9 Summonings
 + Level 3.9 Necromancy
 + Level 3.9 Translocations
 + Level 3.9 Transmutations
 + Level 3.9 Fire Magic
 + Level 3.9 Ice Magic
 + Level 3.9 Air Magic
 + Level 3.9 Earth Magic
 + Level 3.9 Poison Magic
 + Level 5.2 Invocations
 + Level 4.8 Evocations


You had 23 spell levels left.
You didn't know any spells.
Your spell library contained the following spells:

 Spells                   Type           Power        Failure   Level  Hunger
 Magic Dart               Conj           ###.         58%         1    None
 Beastly Appendage        Tmut           ##....       67%         1    None
 Blink                    Tloc           N/A          82%         2    #......
 Call Imp                 Summ           ##......     82%         2    #......
 Slow                     Hex            ##......     82%         2    #......
 Sticks to Snakes         Tmut           ##......     82%         2    #......
 Conjure Flame            Conj/Fire      ##......     94%         3    ###....
 Mephitic Cloud           Conj/Pois/Air  ##......     95%         3    ###....
 Spider Form              Tmut/Pois      ##........   96%         3    ###....
 Ice Form                 Ice/Tmut       ##......     100%        4    ####...
 Blade Hands              Tmut           ##........   100%        5    ######.


Dungeon Overview and Level Annotations

Branches:
Dungeon (8/15)             Temple (1/1) D:6
   Lair: D:8-11

Altars:
Ashenzari
Cheibriados
Dithmenos
Elyvilon
Fedhas
Gozag
Hepliaklqana
Kikubaaqudgha
Makhleb
Nemelex Xobeh
Okawaru
Qazlal
Ru
Sif Muna
Trog
Uskayaw
Vehumet
Wu Jian
Xom
Yredelemnul
Zin
The Shining One

Shops:
D:7 *

Annotations:
D:8 Gastronok


Innate Abilities, Weirdness & Mutations

Your experience applies equally to all skills.
You have very sharp teeth.
Your uncanny sense of smell can sniff out nearby items.


Message History

You hit Gastronok but do no damage.
Gastronok is severely wounded.
Gastronok looks at you and mumbles some strange words.
You feel yourself slow down.
Attack whom?
Press: ? - help, Dir - move target cursor, f/p - Gastronok
Aim: Gastronok, wearing a +1 hat (severely wounded, covering ground quickly)
You completely miss Gastronok.
Gastronok is severely wounded.
Gastronok looks at you while chanting.
You feel as though you will be slow longer.
Attack whom?
Press: ? - help, Dir - move target cursor, f/p - Gastronok
Aim: Gastronok, wearing a +1 hat (severely wounded, covering ground quickly)
You hit Gastronok but do no damage.
Gastronok is severely wounded.
Attack whom?
Press: ? - help, Dir - move target cursor, f/p - Gastronok
Aim: Gastronok, wearing a +1 hat (severely wounded, covering ground quickly)
You hit Gastronok.
Gastronok is severely wounded.
Gastronok bites you!
* * * LOW HITPOINT WARNING * * *
Damage: 15 (max 20) Attack whom?
Press: ? - help, Dir - move target cursor, f/p - Gastronok
Aim: Gastronok, wearing a +1 hat (severely wounded, covering ground quickly)
You hit Gastronok.
Gastronok is severely wounded.
Gastronok casts a spell at you.
You feel as though you will be slow longer.
Attack whom?
Press: ? - help, Dir - move target cursor, f/p - Gastronok
Aim: Gastronok, wearing a +1 hat (severely wounded, covering ground quickly)
You hit Gastronok.
Gastronok is severely wounded.
Gastronok bites you.
* * * LOW HITPOINT WARNING * * *
Attack whom?
Press: ? - help, Dir - move target cursor, f/p - Gastronok
Aim: Gastronok, wearing a +1 hat (severely wounded, covering ground quickly)
You puncture Gastronok! You bite Gastronok.
Gastronok is almost dead.
Attack whom?
Press: ? - help, Dir - move target cursor, f/p - Gastronok
Aim: Gastronok, wearing a +1 hat (almost dead, covering ground quickly)
You puncture Gastronok! You bite Gastronok.
Gastronok is almost dead.
Gastronok bites you!!
You die...

... #.. #.#
#.# #.# #.#
##)# #.<# #@##
#...w....#
............#
..........!.#
..##..........
. ............
...........#.
.....#####!##


You could see Gastronok.

Vanquished Creatures
  Pikel (D:6)
  A hippogriff (D:7)
  Sigmund (D:5)
  Eustachio (D:5)
  A water moccasin (D:6)
  A sky beast (D:6)
  An ice beast (D:7)
  A necrophage (D:7)
  3 ogres
  9 centaurs
  A big kobold (Sewer)
  4 bullfrogs
  A scorpion (D:5)
  A howler monkey (D:5)
  2 crimson imps
  A quasit (D:5)
  Crazy Yiuf (D:5)
  A bullfrog skeleton (D:5)
  4 orc wizards
  An orc priest (D:5)
  An iguana (D:5)
  3 worker ants
  A hound zombie (D:5)
  5 adders
  11 gnolls
  7 river rats
  An adder zombie (D:6)
  4 worms
  A dart slug (D:2)
  3 leopard geckos
  15 orcs
  4 giant cockroaches
  14 goblins
  4 hobgoblins
  10 jackals
  7 quokkas
  A ball python (D:1)
  2 ball python skeletons (D:6)
  10 bats
  7 frilled lizards
  11 kobolds
  11 rats
170 creatures vanquished.

Notes
Turn   | Place    | Note
-------+----------+-------------------------------------------
     0 | D:1      | Gorice the Gnoll Wanderer began the quest for the Orb.
     0 | D:1      | Gorice set off with: a potion of lignification {!q}, 12
                  | poisoned needles, a +0 blowgun, a +0 robe, a ration
     0 | D:1      | Reached XP level 1. HP: 17/17 MP: 6/6
    12 | D:1      | Found a hide-covered altar of Uskayaw.
   103 | D:1      | Reached skill level 2 in Conjurations
   144 | D:1      | Reached XP level 2. HP: 18/23 MP: 7/7
   653 | D:2      | Found a bloodstained altar of Trog.
   747 | D:2      | Found a snail-covered altar of Cheibriados.
   750 | D:2      | Found a deep blue altar of Sif Muna.
   753 | D:2      | Found a basalt altar of Yredelemnul.
   778 | D:2      | Reached XP level 3. HP: 26/28 MP: 9/9
   880 | D:2      | Reached skill level 5 in Spellcasting
  1071 | D:2      | Found a white marble altar of Elyvilon.
  1265 | D:2      | Reached skill level 1 in Invocations
  1812 | D:3      | Reached skill level 1 in Short Blades
  1812 | D:3      | Reached skill level 1 in Long Blades
  1812 | D:3      | Reached skill level 1 in Axes
  1812 | D:3      | Reached skill level 1 in Maces & Flails
  1812 | D:3      | Reached skill level 1 in Staves
  1812 | D:3      | Reached skill level 1 in Slings
  1812 | D:3      | Reached skill level 1 in Bows
  1812 | D:3      | Reached skill level 1 in Crossbows
  1812 | D:3      | Reached skill level 1 in Armour
  1812 | D:3      | Reached skill level 1 in Stealth
  1812 | D:3      | Reached skill level 1 in Unarmed Combat
  1812 | D:3      | Reached skill level 1 in Evocations
  1812 | D:3      | Reached XP level 4. HP: 32/34 MP: 11/11
  1978 | D:3      | HP: 10/34 [river rat (1)]
  1979 | D:3      | Reached skill level 1 in Hexes
  1979 | D:3      | Reached skill level 1 in Charms
  1979 | D:3      | Reached skill level 1 in Summonings
  1979 | D:3      | Reached skill level 1 in Necromancy
  1979 | D:3      | Reached skill level 1 in Translocations
  1979 | D:3      | Reached skill level 1 in Transmutations
  1979 | D:3      | Reached skill level 1 in Fire Magic
  1979 | D:3      | Reached skill level 1 in Ice Magic
  1979 | D:3      | Reached skill level 1 in Air Magic
  1979 | D:3      | Reached skill level 1 in Earth Magic
  1979 | D:3      | Reached skill level 1 in Poison Magic
  2001 | D:3      | HP: 9/34 [river rat (5)]
  2002 | D:3      | HP: 4/34 [river rat (5)]
  2004 | D:3      | HP: 1/34 [river rat (4)]
  2014 | D:3      | HP: 3/51 [river rat (3)]
  2042 | D:3      | Found a glowing drain.
  2047 | Sewer    | Entered a sewer
  2053 | Sewer    | HP: 5/34 [rat (2)]
  2059 | Sewer    | Reached XP level 5. HP: 4/40 MP: 12/12
  2367 | Sewer    | Noticed a big kobold
  2426 | Sewer    | Killed a big kobold
  2426 | Sewer    | Reached skill level 3 in Fighting
  2426 | Sewer    | Reached skill level 3 in Throwing
  2426 | Sewer    | Reached skill level 3 in Shields
  2598 | Sewer    | Found a white marble altar of Elyvilon.
  2876 | D:3      | Reached XP level 6. HP: 47/47 MP: 13/13
  3301 | D:4      | Found a glowing golden altar of the Shining One.
  3432 | D:3      | Reached skill level 2 in Invocations
  3878 | D:4      | Found a sacrificial altar of Ru.
  4065 | D:4      | Found a bloodstained altar of Trog.
  4113 | D:3      | Reached skill level 2 in Short Blades
  4113 | D:3      | Reached skill level 2 in Long Blades
  4113 | D:3      | Reached skill level 2 in Axes
  4113 | D:3      | Reached skill level 2 in Maces & Flails
  4113 | D:3      | Reached skill level 5 in Polearms
  4113 | D:3      | Reached skill level 2 in Staves
  4113 | D:3      | Reached skill level 2 in Slings
  4113 | D:3      | Reached skill level 2 in Bows
  4113 | D:3      | Reached skill level 2 in Crossbows
  4113 | D:3      | Reached skill level 2 in Armour
  4113 | D:3      | Reached skill level 5 in Dodging
  4113 | D:3      | Reached skill level 2 in Stealth
  4113 | D:3      | Reached skill level 2 in Unarmed Combat
  4113 | D:3      | Reached skill level 2 in Evocations
  5216 | D:4      | Upgraded the game from 0.23-a0-333-g006994f to
                  | 0.23-a0-335-gba3dfdf
  5220 | D:5      | Entered Level 5 of the Dungeon
  5227 | D:5      | Reached XP level 7. HP: 44/52 MP: 15/15
  5414 | D:5      | Noticed Eustachio
  5441 | D:4      | Reached skill level 3 in Conjurations
  5441 | D:4      | Reached skill level 2 in Hexes
  5441 | D:4      | Reached skill level 2 in Charms
  5441 | D:4      | Reached skill level 2 in Summonings
  5441 | D:4      | Reached skill level 2 in Necromancy
  5441 | D:4      | Reached skill level 2 in Translocations
  5441 | D:4      | Reached skill level 2 in Transmutations
  5441 | D:4      | Reached skill level 2 in Fire Magic
  5441 | D:4      | Reached skill level 2 in Ice Magic
  5441 | D:4      | Reached skill level 2 in Air Magic
  5441 | D:4      | Reached skill level 2 in Earth Magic
  5441 | D:4      | Reached skill level 2 in Poison Magic
  5585 | D:5      | Killed Eustachio
  5585 | D:5      | Reached skill level 3 in Invocations
  5807 | D:5      | Noticed Sigmund
  5828 | D:5      | Killed Sigmund
  5828 | D:5      | Reached XP level 8. HP: 41/60 MP: 16/16
  5957 | D:5      | Reached skill level 4 in Fighting
  5957 | D:5      | Reached skill level 4 in Throwing
  5957 | D:5      | Reached skill level 4 in Shields
  5998 | D:5      | Reached skill level 3 in Short Blades
  5998 | D:5      | Reached skill level 3 in Long Blades
  5998 | D:5      | Reached skill level 3 in Axes
  5998 | D:5      | Reached skill level 3 in Maces & Flails
  5998 | D:5      | Reached skill level 3 in Staves
  5998 | D:5      | Reached skill level 3 in Slings
  5998 | D:5      | Reached skill level 3 in Bows
  5998 | D:5      | Reached skill level 3 in Crossbows
  5998 | D:5      | Reached skill level 3 in Armour
  5998 | D:5      | Reached skill level 3 in Stealth
  5998 | D:5      | Reached skill level 3 in Unarmed Combat
  5998 | D:5      | Reached skill level 3 in Evocations
  6251 | D:5      | Found a stormy altar of Qazlal.
  6517 | D:5      | Reached skill level 6 in Spellcasting
  6533 | D:5      | Found a runed door.
  6655 | D:5      | Noticed Crazy Yiuf
  6662 | D:5      | Killed Crazy Yiuf
  6786 | D:6      | Noticed a hand axe
  6787 | D:6      | Noticed a dagger
  6789 | D:6      | Found a hide-covered altar of Uskayaw.
  6835 | D:6      | HP: 18/60 [poisoned by a water moccasin]
  6840 | D:6      | HP: 17/60 [poisoned by a water moccasin]
  6847 | D:6      | HP: 16/60 [poisoned by a water moccasin]
  6855 | D:6      | HP: 16/60 [poisoned by a water moccasin]
  7517 | D:6      | HP: 18/61 [centaur (6)]
  7520 | D:6      | Reached skill level 3 in Hexes
  7520 | D:6      | Reached skill level 3 in Charms
  7520 | D:6      | Reached skill level 3 in Summonings
  7520 | D:6      | Reached skill level 3 in Necromancy
  7520 | D:6      | Reached skill level 3 in Translocations
  7520 | D:6      | Reached skill level 3 in Transmutations
  7520 | D:6      | Reached skill level 3 in Fire Magic
  7520 | D:6      | Reached skill level 3 in Ice Magic
  7520 | D:6      | Reached skill level 3 in Air Magic
  7520 | D:6      | Reached skill level 3 in Earth Magic
  7520 | D:6      | Reached skill level 3 in Poison Magic
  7520 | D:6      | Reached skill level 4 in Invocations
  7898 | D:6      | Reached skill level 6 in Polearms
  7898 | D:6      | Reached skill level 6 in Dodging
  7898 | D:6      | Reached XP level 9. HP: 66/66 MP: 18/18
  8064 | D:6      | Found a staircase to the Ecumenical Temple.
  8065 | D:6      | Noticed Pikel
  8092 | D:6      | Killed Pikel
  8092 | D:6      | Reached skill level 4 in Short Blades
  8092 | D:6      | Reached skill level 4 in Long Blades
  8092 | D:6      | Reached skill level 4 in Axes
  8092 | D:6      | Reached skill level 4 in Maces & Flails
  8092 | D:6      | Reached skill level 4 in Staves
  8092 | D:6      | Reached skill level 4 in Slings
  8092 | D:6      | Reached skill level 4 in Bows
  8092 | D:6      | Reached skill level 4 in Crossbows
  8092 | D:6      | Reached skill level 4 in Armour
  8092 | D:6      | Reached skill level 4 in Stealth
  8092 | D:6      | Reached skill level 4 in Unarmed Combat
  8092 | D:6      | Reached skill level 4 in Conjurations
  8092 | D:6      | Reached skill level 4 in Evocations
  8099 | Temple   | Entered the Ecumenical Temple
  8190 | Temple   | Became a worshipper of Warmaster Okawaru
  8317 | D:6      | Got a brightly glowing plate armour
  8328 | D:6      | Identified the +0 plate armour of the Bull {+Fly Int-2
                  | Dex+2 Stlth+} (You found it on level 6 of the Dungeon)
  8645 | D:7      | Reached skill level 5 in Fighting
  8645 | D:7      | Reached skill level 5 in Throwing
  8645 | D:7      | Reached skill level 5 in Shields
  8775 | D:7      | HP: 20/68 [orc warrior/+0 trident (8)]
  8777 | D:7      | HP: 5/68 [orc warrior/+0 trident (15)]
  8805 | D:7      | HP: 7/68 [orc warrior/+0 trident (4)]
  9271 | D:7      | Reached * piety under Okawaru
  9289 | D:7      | Reached skill level 5 in Invocations
  9416 | D:7      | Found Yheilyit's Assorted Antiques.
  9547 | D:7      | Reached XP level 10. HP: 64/74 MP: 20/20
  9629 | D:7      | HP: 18/74 [ogre/+0 giant club (9)]
  9636 | D:7      | Reached skill level 7 in Spellcasting
 10454 | D:8      | Noticed Gastronok
 10529 | D:8      | HP: 19/74 [Gastronok (15)]
 10533 | D:8      | Mangled by Gastronok

Vault maps used:
D:1:      sevenhm_arrival_forest_fort_small_6
D:2:      lemuel_crystal_altar, grunt_temple_overflow_diamond,
          trog_three_pillars_becter
D:3:      lightli_sewer_entry_pipes, first_ration
D:4:      tso_metal_star, nicolae_ru_great_annihilating_truth,
          trog_butcher_becter
D:5:      lemuel_crystal_altar, uniq_crazy_yiuf_cottage, uniq_sigmund,
          uniq_eustachio
D:6:      dancing_weapons_uskayaw, minmay_temple_entry_statues_fountains,
          uniq_pikel
D:7:      serial_shops, shop_coins, minmay_fountain_box, centaur_isle
D:8:      uniq_gastronok
Temple:   nicolae_temple_great_sept
Sewer:    sewer_kobolds

Skill      XL: |  1  2  3  4  5  6  7  8  9 10 |
---------------+-------------------------------+-----
Conjurations   | 2 3 4 |  4.5
Spellcasting   | 5 6 7 |  7.0
Invocations    | 1 2 3 4 5 |  5.2
Short Blades   | 1 2 3 4 |  4.8
Long Blades    | 1 2 3 4 |  4.8
Axes           | 1 2 3 4 |  4.8
Maces & Flails | 1 2 3 4 |  4.8
Staves         | 1 2 3 4 |  4.8
Slings         | 1 2 3 4 |  4.8
Bows           | 1 2 3 4 |  4.8
Crossbows      | 1 2 3 4 |  4.8
Armour         | 1 2 3 4 |  4.8
Stealth        | 1 2 3 4 |  4.8
Unarmed Combat | 1 2 3 4 |  4.8
Evocations     | 1 2 3 4 |  4.8
Hexes          | 1 2 3 |  3.9
Charms         | 1 2 3 |  3.9
Summonings     | 1 2 3 |  3.9
Necromancy     | 1 2 3 |  3.9
Translocations | 1 2 3 |  3.9
Transmutations | 1 2 3 |  3.9
Fire Magic     | 1 2 3 |  3.9
Ice Magic      | 1 2 3 |  3.9
Air Magic      | 1 2 3 |  3.9
Earth Magic    | 1 2 3 |  3.9
Poison Magic   | 1 2 3 |  3.9
Fighting       | 3 4 5 |  5.5
Throwing       | 3 4 5 |  5.5
Shields        | 3 4 5 |  5.5
Polearms       | 5 6 |  6.7
Dodging        | 5 6 |  6.7

Action                   |  1- 3 |  4- 6 |  7- 9 | 10-12 || total
-------------------------+-------+-------+-------+-------++-------
Melee: Unarmed           |     4 |       |       |       ||     4
       Short sword       |    30 |       |       |       ||    30
       Spear             |    92 |   325 |       |       ||   417
       Bite              |    11 |    23 |    34 |    15 ||    83
       Trident           |       |    16 |   329 |    50 ||   395
       Punch             |       |     2 |     2 |     2 ||     6
 Fire: Blowgun           |    26 |    12 |       |     1 ||    39
Throw: Stone             |     1 |       |       |       ||     1
       Javelin           |       |       |     9 |       ||     9
       Tomahawk          |       |       |     1 |       ||     1
Invok: Heroism           |       |       |       |     1 ||     1
 Abil: Evoke Flight      |       |       |     1 |       ||     1
Evoke: Wand              |       |       |    25 |     1 ||    26
  Use: Scroll            |     6 |     4 |     4 |     2 ||    16
       Potion            |       |     2 |       |       ||     2
 Stab: Paralysed         |       |     1 |       |       ||     1
  Eat: Chunk             |     2 |    12 |    11 |     3 ||    28
       Ration            |       |       |     1 |       ||     1
Armor: Robe              |    10 |       |       |       ||    10
       Ring mail         |    20 |       |       |       ||    20
       Chain mail        |    19 |   121 |   191 |       ||   331
       Skin              |       |     7 |       |       ||     7
       Plate armour      |       |       |    65 |     8 ||    73
Dodge: Dodged            |    72 |   109 |   210 |     4 ||   395

Table legend:
 A = Non-vault XP
 B = Vault XP
 C = Vault XP percentage of total XP
 D = Non-vault monster count
 E = Vault monster count
 F = Vault count percentage of total count
                 A         B        C        D         E       F
            +---------+---------+-------+---------+---------+-------
      Total |    2836 |    2081 |  42.3 |     133 |      37 |  21.8
            +---------+---------+-------+---------+---------+-------
        D:1 |      23 |       0 |   0.0 |      17 |       0 |   0.0
        D:2 |      34 |       0 |   0.0 |      16 |       0 |   0.0
        D:3 |     158 |      89 |  36.0 |      35 |      10 |  22.2
        D:4 |     222 |      52 |  19.0 |       8 |       7 |  46.7
        D:5 |     619 |     475 |  43.4 |      16 |       3 |  15.8
        D:6 |     754 |     651 |  46.3 |      16 |       1 |   5.9
        D:7 |     904 |     691 |  43.3 |      24 |       6 |  20.0
        D:8 |     122 |       0 |   0.0 |       1 |       0 |   0.0
      Sewer |       0 |     123 | 100.0 |       0 |      10 | 100.0
            +---------+---------+-------+---------+---------+-------

Table legend:
 A = Turns spent in this place as a percentage of turns spent in the entire game.
 B = Non-inter-level travel turns spent in this place as a percentage of non-inter-level travel turns spent in the entire game.
 C = Inter-level travel turns spent in this place as a percentage of turns spent in this place.
 D = Turns resting spent in this place as a percentage of non-inter-level travel turns spent in this place.
 E = Turns spent auto-exploring this place as a percentage of non-inter-level travel turns spent in this place.
 F = Non-inter-level travel turns spent in this place divided by the number of levels of this place that you've seen.
                   A       B       C       D       E      F
               +-------+-------+-------+-------+-------+----------------------
         Total | 100.0 | 100.0 |   4.1 |  30.7 |  38.4 | 1009.9
       Dungeon |  92.8 |  92.7 |   4.2 |  29.3 |  39.9 | 1170.5
        Temple |   1.0 |   0.8 |  22.3 |   0.0 |  96.2 |  80.0
         Sewer |   6.2 |   6.5 |   0.0 |  55.3 |   9.5 | 655.0
               +-------+-------+-------+-------+-------+----------------------

Vault maps used:
D:1:      sevenhm_arrival_forest_fort_small_6
D:2:      lemuel_crystal_altar, grunt_temple_overflow_diamond,
          trog_three_pillars_becter
D:3:      lightli_sewer_entry_pipes, first_ration
D:4:      tso_metal_star, nicolae_ru_great_annihilating_truth,
          trog_butcher_becter
D:5:      lemuel_crystal_altar, uniq_crazy_yiuf_cottage, uniq_sigmund,
          uniq_eustachio
D:6:      dancing_weapons_uskayaw, minmay_temple_entry_statues_fountains,
          uniq_pikel
D:7:      serial_shops, shop_coins, minmay_fountain_box, centaur_isle
D:8:      uniq_gastronok
Temple:   nicolae_temple_great_sept
Sewer:    sewer_kobolds
